 Dungeon Crawl Stone Soup version 0.26-a0-642-g67e99244d3 (webtiles) character file.

Game seed: 10441553600843208667

31538 DogServant the Geomancer (level 13, -6/114 HPs)
             Began as a Gargoyle Earth Elementalist on Sept 21, 2020.
             Was an Elder of Vehumet.
             Mangled by a wraith (8 damage)
             ... led by Josephine
             ... on level 15 of the Dungeon on Sept 22, 2020.
             The game lasted 01:12:41 (22745 turns).

DogServant the Geomancer (GrEE)                    Turns: 22745, Time: 01:12:41

Health: -6/114     AC: 26    Str: 17    XL:     13   Next: 58%
Magic:  2/26       EV:  2    Int: 22    God:    Vehumet [****..]
Gold:   958        SH:  5    Dex: 10    Spells: 5/30 levels left

rFire    . . .     SeeInvis .   J - +7 whip (venom)
rCold    . . .     Faith    .   (no shield)
rNeg     + + +     Spirit   .   (armour currently unavailable)
rPois    ∞         Reflect  +   (helmet currently unavailable)
rElec    .         Harm     .   (cloak currently unavailable)
rCorr    .         Rampage  .   (gloves currently unavailable)
MR       .....     NoTele   +   (boots currently unavailable)
Stlth    ++........             t - amulet of reflection
HPRegen  0.29/turn              f - +6 ring of strength
MPRegen  0.20/turn              m - ring of wizardry

@: tree-form (expiring), studying Summonings, lightly drained
A: negative energy resistance 1, petrification resistance, rot immunity, AC +9
a: Renounce Religion


You were on level 15 of the Dungeon.
You worshipped Vehumet.
Vehumet was greatly pleased with you.
You were a tree.
You visited 2 branches of the dungeon, and saw 16 of its levels.
You also visited: Bailey.

You collected 1351 gold pieces.
You spent 393 gold pieces at shops.

Inventory:

Hand Weapons
 J - a +7 whip of venom (weapon)
Missiles
 b - 71 stones (quivered)
Armour
 q - the +0 leather armour of Intuition (melded) {rF- MR+++ rCorr Int-2}
   (You found it in a bailey)

   It affects your intelligence (-2).
   It makes you vulnerable to fire.
   It affects your resistance to hostile enchantments.
   It provides partial protection from all sources of acid and corrosion.
 r - a +1 pair of boots (melded)
 y - a +0 cloak (melded)
 D - a +2 robe of resistance
Magical Staves
 A - an uncursed staff of air
Jewellery
 a - an uncursed ring of protection from cold
 f - a +6 ring of strength (left branch)
 m - a ring of wizardry (right branch)
 t - an amulet of reflection (around neck)
 z - an uncursed ring of positive energy
Wands
 u - a wand of disintegration (28)
 x - a wand of flame (9)
 B - a wand of iceblast (7)
 E - a wand of enslavement (4)
 F - a wand of polymorph (10)
 H - a wand of acid (5)
Scrolls
 c - 5 scrolls of identify
 d - a scroll of fog
 e - 6 scrolls of remove curse
 j - 2 scrolls of immolation
 n - 2 scrolls of amnesia
 s - 3 scrolls of magic mapping
Potions
 h - a potion of flight
 i - 4 potions of stabbing
 l - 2 potions of lignification
 v - 2 potions of degeneration
 C - a potion of brilliance
Books
 G - a manual of Summonings


   Skills:
 - Level 7.5(7.3) Fighting
 - Level 2.7(2.6) Armour
 - Level 1.5(1.4) Dodging
 - Level 2.1(2.0) Stealth
 + Level 9.1(9.0) Spellcasting
 + Level 12.1(11.9) Conjurations
 - Level 4.1(3.9) Translocations
 - Level 4.4(4.3) Transmutations
 + Level 7.5(7.3) Fire Magic
 + Level 4.7(4.6) Ice Magic
 - Level 12.1(11.9) Earth Magic
 + Level 4.2(4.1) Evocations


You had 5 spell levels left.
You knew the following spells:

 Your Spells              Type           Power        Failure   Level
a - Sandblast             Erth           ######       1%          1
b - Stone Arrow           Conj/Erth      ######       1%          3
c - Petrify               Tmut/Erth      #####...     1%          4
d - Lee's Rapid Deconstr  Erth           ######....   1%          5
f - Blink                 Tloc           N/A          1%          2
g - Searing Ray           Conj           ######       1%          2
h - Frozen Ramparts       Ice            ####..       1%          3
i - Bolt of Magma         Conj/Fire/Erth ######....   1%          5

Your spell library contained the following spells:

 Spells                   Type           Power        Failure   Level
 Apportation              Tloc           ####..       1%          1
 Beastly Appendage        Tmut           ####..       1%          1
 Foxfire                  Conj/Fire      ####         1%          1
 Passwall                 Tmut/Erth      #####...     1%          2
 Wereblood                Tmut           ####....     1%          2
 Conjure Flame            Conj/Fire      ######..     1%          3
 Gell's Gravitas          Tloc           ####......   1%          3
 Inner Flame              Hex/Fire       ####....     1%          3
 Lesser Beckoning         Tloc           ####......   1%          3
 Teleport Other           Tloc           ####....     1%          3
 Sticky Flame             Conj/Fire      ######..     1%          4
 Fireball                 Conj/Fire      ######....   1%          5
 Animate Skeleton         Necr           #.....       2%          1
 Corona                   Hex            #......      2%          1
 Summon Small Mammal      Summ           #...         2%          1
 Spider Form              Tmut/Pois      ###.......   3%          3
 Ice Form                 Ice/Tmut       ####....     4%          4
 Passage of Golubria      Tloc           N/A          5%          4
 Blade Hands              Tmut           ####......   13%         5


Dungeon Overview and Level Annotations

Branches:
Dungeon (15/15)            Temple (1/1) D:5            Lair (0/6) D:9
    Orc (0/2) D:9          Vaults (0/5) D:14         Bailey (visited)
 Depths: D:15

Altars:
Ashenzari
Cheibriados
Dithmenos
Elyvilon
Fedhas
Gozag
Hepliaklqana
Kikubaaqudgha
Makhleb
Nemelex Xobeh
Okawaru
Qazlal
Ru
Sif Muna
Uskayaw
Vehumet
Wu Jian
Xom
Yredelemnul
Zin
The Shining One

Shops:
D:7 *   D:8 *   D:9 *

Annotations:
D:7 1 runed translucent door, Crazy Yiuf
D:14 exclusion: 2 oklob plants


Innate Abilities, Weirdness & Mutations

You are resistant to torment.
((Your stone body is resilient. (AC +9)))
You are immune to poison.
You resist negative energy. (rN+)
((You are resistant to electric shocks. (rElec)))
((You can survive without breathing.))
You are immune to petrification.
You are immune to rotting.


Message History

Confirm with . or Enter, or press ? or * to list all spells.
Press: ? - help, Shift-Dir - straight line, f - wraith
Aim: a wraith (heavily damaged)
The blast of sand hits the wraith!
The wraith is almost destroyed.
b - 72 stones The wraith hits you but does no damage. x3
Casting: Sandblast (safe; 1% risk of failure)
Confirm with . or Enter, or press ? or * to list all spells.
Aiming: Sandblast (safe; 1% risk of failure)
Press: ? - help, Shift-Dir - straight line, f/p - wraith
Aim: a wraith (almost destroyed)
The blast of sand hits the wraith but does no damage.
The wraith is almost destroyed.
b - 71 stones You feel yourself speed up.
The wraith hits you!
* * * LOW HITPOINT WARNING * * *
The wraith hits you!
You die...

... #(......# #..# ...
#.......######..#
#...............#
................#
................#
................# .
...#####........#
##...........#...#........#
#.......... #..♣#........#
#.........###.WW#........####
#.........#....J#...........#
##....)....#.....#...........#
...........#.....#...........#
.....§....##.....')..........#
.....§§§..#......#...........#
J.........#......#...........#
...§......########J..........#


You could see a slime creature (poisoned) and 2 wraiths.

Vanquished Creatures
  Kirke (D:13)
  Josephine (D:15)
  Harold (D:7)
  A centaur warrior (D:14)
  A death knight (D:15)
  Erica (D:8)
  A two-headed ogre (D:9)
  6 slime creatures
  A skeletal warrior (D:15)
  A phantasmal warrior (D:15)
  2 orc knights
  2 deep elf magi
  An oklob plant (D:14)
  A cyclops (D:15)
  8 ugly things
  A manticore (D:13)
  Joseph (D:8)
  Psyche (D:8)
  2 centaur skeletons
  A gargoyle (D:12)
  An efreet (D:13)
  Maggie (D:8)
  A rime drake (shapeshifter) (D:14)
  A komodo dragon (D:10)
  5 trolls
  A merfolk (D:9)
  4 hippogriffs
  2 shadows (D:15)
  4 wraiths
  A vampire (D:15)
  4 wyverns
  10 yaks
  2 hogs (D:13)
  4 water elementals
  Edmund (D:4)
  3 wargs
  5 vampire mosquitoes
  2 acid dragons
  A water moccasin (D:14)
  A sky beast (D:8)
  A floating eye (D:14)
  6 orc warriors
  A black bear (D:12)
  7 ice beasts
  4 ogres
  2 phantoms
  6 centaurs
  4 wolves (D:9)
  A crocodile (D:13)
  A big kobold (D:13)
  2 wyvern zombies
  7 bullfrogs
  2 gnoll sergeants (D:5)
  8 scorpions
  11 killer bees
  12 wights
  2 howler monkeys (D:7)
  The ghost of Colgate the Covert, a weakling KoDe (D:5)
  3 electric eels
  5 centaur zombies
  3 jellies
  9 orc priests
  12 hounds
  A gnoll shaman (D:5)
  7 orc wizards
  4 iguanas
  8 worker ants
  A hound zombie (D:7)
  A worker ant zombie (D:11)
  16 gnolls
  11 adders
  3 shadow imps
  3 white imps
  2 oozes
  3 worms
  10 leopard geckos
  39 orcs
  A giant cockroach (D:7)
  5 goblins
  11 hobgoblins
  9 jackals
  20 kobolds
  4 quokkas
  10 bats
  6 frilled lizards
  A jackal skeleton (D:5)
  A leopard gecko zombie (D:5)
  A quokka skeleton (D:7)
  A quokka zombie (D:8)
  8 rats
386 creatures vanquished.

Vanquished Creatures (others)
  An orc (D:15)
  22 plants
23 creatures vanquished.

Grand Total: 409 creatures vanquished

Notes
Turn   | Place    | Note
-------+----------+-------------------------------------------
     0 | D:1      | DogServant the Gargoyle Earth Elementalist began the quest
                  | for the Orb.
     0 | D:1      | Reached XP level 1. HP: 10/10 MP: 3/3
   223 | D:1      | Reached XP level 2. HP: 10/15 MP: 5/5
   812 | D:2      | Reached XP level 3. HP: 17/19 MP: 7/7
   860 | D:2      | Found a glowing silver altar of Zin.
   956 | D:2      | Found a sparkling altar of Nemelex Xobeh.
  1086 | D:2      | Learned a level 3 spell: Stone Arrow
  1162 | D:2      | Found a shadowy altar of Dithmenos.
  1560 | D:3      | Reached XP level 4. HP: 23/24 MP: 8/8
  1762 | D:4      | Reached skill level 1 in Fighting
  1762 | D:4      | Reached skill level 1 in Conjurations
  1771 | D:4      | Reached skill level 5 in Earth Magic
  1771 | D:4      | Reached XP level 5. HP: 7/29 MP: 2/9
  2159 | D:4      | Noticed an orc warrior
  2352 | D:3      | Reached XP level 6. HP: 35/35 MP: 3/11
  2982 | D:3      | Learned a level 4 spell: Petrify
  3232 | D:3      | Found a burning altar of Makhleb.
  3340 | D:4      | Killed an orc warrior
  3340 | D:4      | Reached XP level 7. HP: 41/41 MP: 2/13
  3615 | D:4      | Noticed Edmund
  3631 | D:5      | Entered Level 5 of the Dungeon
  3743 | D:4      | Killed Edmund
  4193 | D:4      | Found an ornate altar of the Wu Jian Council.
  4193 | D:4      | Found a faded altar of an unknown god.
  4345 | D:4      | Found a shimmering altar of Xom.
  4347 | D:4      | Found a snail-covered altar of Cheibriados.
  4430 | D:4      | Found a hide-covered altar of Uskayaw.
  4593 | D:5      | Reached XP level 8. HP: 48/48 MP: 7/14
  4750 | D:5      | Found a staircase to the Ecumenical Temple.
  4761 | Temple   | Entered the Ecumenical Temple
  4872 | Temple   | Became a worshipper of Vehumet
  4926 | D:5      | Found a basalt altar of Yredelemnul.
  4965 | D:5      | Reached skill level 1 in Transmutations
  5177 | D:5      | Reached skill level 5 in Spellcasting
  5280 | D:5      | Found an iron altar of Okawaru.
  5408 | D:5      | Found a transporter.
  5409 | D:5      | Found a transporter.
  5415 | D:5      | Noticed Colgate's ghost (weakling KoDe)
  5823 | D:6      | Reached skill level 5 in Conjurations
  5941 | D:5      | Learned a level 5 spell: Lee's Rapid Deconstruction
  6388 | D:6      | Reached XP level 9. HP: 52/52 MP: 13/17
  6582 | D:6      | Found a snail-covered altar of Cheibriados.
  6646 | D:6      | Found a basalt altar of Yredelemnul.
  6808 | D:7      | Reached * piety under Vehumet
  6808 | D:7      | Offered knowledge of Foxfire by Vehumet.
  7040 | D:7      | Learned a level 5 spell: Fireball
  7057 | D:7      | Reached skill level 1 in Armour
  7352 | D:7      | Found a runed translucent door.
  7353 | D:7      | Noticed Crazy Yiuf
  7467 | D:7      | Found Owunumpo's General Store.
  7475 | D:7      | Bought a scroll of teleportation for 36 gold pieces
  7475 | D:7      | Bought a scroll of magic mapping for 42 gold pieces
  7822 | D:7      | Noticed Harold
  7984 | D:8      | Noticed Psyche
  7994 | D:8      | Killed Psyche
  8573 | D:8      | Noticed Maggie
  8580 | D:8      | Killed Maggie
  8746 | D:8      | Noticed Erica
  9083 | D:8      | Reached XP level 10. HP: 58/58 MP: 15/19
  9225 | D:8      | Found Isef Bat's Assorted Antiques.
  9515 | D:9      | Found a flagged portal.
  9524 | D:9      | Found Qyell's Assorted Antiques.
  9545 | Bailey   | Entered a bailey
  9749 | Bailey   | Noticed an orc knight
  9803 | Bailey   | Killed an orc knight
  9943 | Bailey   | Found a burning altar of Makhleb.
  9951 | Bailey   | Got an encrusted leather armour
  9962 | Bailey   | Identified the cursed +0 leather armour of Intuition {rF-
                  | MR+++ rCorr Int-2} (You found it in a bailey)
 10067 | D:9      | Bought a leatherbound book for 315 gold pieces
 10070 | D:9      | Learned a level 2 spell: Blink
 10071 | D:9      | Found a staircase to the Lair.
 10097 | D:9      | Reached ** piety under Vehumet
 10097 | D:9      | Reached skill level 1 in Fire Magic
 10098 | D:9      | Offered knowledge of Searing Ray by Vehumet.
 10099 | D:9      | Reached skill level 10 in Earth Magic
 10294 | D:9      | Found a staircase to the Orcish Mines.
 10413 | D:9      | Found an ancient bone altar of Kikubaaqudgha.
 10413 | D:9      | Found a hazy altar of Hepliaklqana.
 10459 | D:9      | Learned a level 2 spell: Searing Ray
 10483 | D:9      | Found a stormy altar of Qazlal.
 11174 | D:10     | Entered Level 10 of the Dungeon
 11174 | D:10     | Noticed a two-headed ogre
 11221 | D:9      | Killed a two-headed ogre
 11221 | D:9      | Reached XP level 11. HP: 53/62 MP: 0/21
 11758 | D:10     | Reached skill level 5 in Fire Magic
 11939 | D:10     | Offered knowledge of Mephitic Cloud by Vehumet.
 12530 | D:8      | Noticed Joseph
 12535 | D:8      | Killed Joseph
 12968 | D:8      | Killed Erica
 12968 | D:8      | Reached skill level 10 in Conjurations
 13164 | D:7      | Found an iron altar of Okawaru.
 13292 | D:7      | Killed Harold
 13503 | D:7      | Reached *** piety under Vehumet
 13917 | D:5      | Killed Colgate's ghost
 14098 | D:5      | Got a steaming copper ring
 14100 | D:5      | Identified the ring of the Raven {Fire rElec MR- Int+3
                  | Stlth+} (You found it on level 5 of the Dungeon)
 14711 | D:11     | Offered knowledge of Frozen Ramparts by Vehumet.
 14785 | D:11     | Noticed a brown ugly thing
 15133 | D:11     | Killed a brown ugly thing
 15480 | D:11     | Reached skill level 5 in Fighting
 15720 | D:11     | Reached XP level 12. HP: 68/68 MP: 16/23
 16163 | D:12     | Learned a level 3 spell: Frozen Ramparts
 16461 | D:12     | Reached **** piety under Vehumet
 16773 | D:13     | Reached skill level 1 in Translocations
 17162 | D:13     | Offered knowledge of Ignite Poison by Vehumet.
 17412 | D:13     | Noticed Kirke
 17435 | D:13     | Killed Kirke
 17435 | D:13     | Reached skill level 1 in Ice Magic
 17435 | D:13     | Reached skill level 1 in Evocations
 19164 | D:15     | Entered Level 15 of the Dungeon
 19603 | D:15     | Reached XP level 13. HP: 27/76 MP: 5/25
 19955 | D:15     | HP: 3/76 [orc/+0 mace[an orc knight] (8)]
 20459 | D:14     | Paralysed by a floating eye for 3 turns
 20466 | D:14     | Paralysed by a floating eye for 3 turns
 20471 | D:14     | Paralysed by a floating eye for 3 turns
 21523 | D:14     | Noticed a dire elephant
 21531 | D:14     | Noticed a sphinx
 21531 | D:14     | a dire elephant changed into a sphinx
 21570 | D:14     | Noticed a shadow dragon
 21593 | D:15     | Noticed Josephine
 21652 | D:14     | HP: 1/76 [fire crab (glowing shapeshifter) (12)]
 21672 | D:14     | Found a gate to the Vaults.
 22024 | D:15     | Reached ***** piety under Vehumet
 22029 | D:15     | Offered knowledge of Bolt of Magma by Vehumet.
 22038 | D:15     | Learned a level 5 spell: Bolt of Magma
 22712 | D:15     | Killed Josephine
 22745 | D:15     | HP: 2/114 [wraith[Josephine] (7)]
 22745 | D:15     | Mangled by a wraith

Illustrated notes

Levels and vault maps discovered:
D:1:      dpeg_arrival_castle, layout_basic
D:2:      layout_loops_ring, nicolae_dithmenos_through_a_glass_darkly,
          nemelex_xobeh_ov_fountains_minmay, zin_statuary, corner_web_ring
D:3:      layout_rooms, lightli_temple_of_fire, grunt_decor_one_mirror,
          minmay_misc_feat_secret_circle, minmay_pentomino_pile
D:4:      layout_basic, chequers_temple_overflow_minitemple,
          guppyfry_early_orc_mine, uniq_edmund
D:5:      layout_basic, nicolae_overflow_crystal_walls,
          minmay_temple_entry_arrows, gammafunk_ghost_gnarly_gnolls,
          basic_altar, serial_bayou_pond_d
D:6:      layout_basic, lemuel_doored_altar, basic_altar,
          chequers_serial_rivers_micro_c
D:7:      layout_loops_corners, serial_shops, nicolae_shop_statue_plus,
          okawaru_gym_becter, uniq_harold, uniq_crazy_yiuf_cottage
D:8:      layout_basic, serial_co_window_serial, co_window_paths_b,
          co_window_paths_a, co_window_paths_a, co_window_of_opportunity_a,
          co_window_paths_a, co_window_2corner, co_window_of_opportunity_c,
          co_window_unsneaky_path_b, co_window_2corner,
          co_window_of_opportunity_c, co_window_broadway_c,
          co_window_broadway_b, glass_columns_b, glass_columns_a,
          glass_columns_c, glass_columns_c, glass_columns_a,
          kennysheep_windowed_goal, uniq_psyche, uniq_joseph, uniq_maggie,
          uniq_erica
D:9:      layout_stronghold, old_standard_altar,
          gammafunk_temple_overflow_elements, erik_lair_island,
          minmay_orc_entry_guard_dogs, serial_shops, shop, enter_bailey_6,
          hangedman_fish_farm
D:10:     layout_gridville
D:11:     layout_gridville, chequers_serial_rivers_micro_d
D:12:     layout_roguey, grunt_ministairs_2, kennysheep_flooded_box,
          nicolae_water_bricks, uniq_nergalle
D:13:     layout_basic, uniq_kirke
D:14:     layout_basic, david_vaults_2, minmay_misc_feat_rows,
          hangedman_abyss_or_decor_stabs, disabler_island
D:15:     grunt_enter_depths_snipers, layout_irregular_city,
          chequers_serial_rivers_small_b, uniq_josephine
Temple:   compressed_dpeg_triangle_lava_temple

Skill      XL: |  1  2  3  4  5  6  7  8  9 10 11 12 13 |
---------------+----------------------------------------+-----
Earth Magic    | 4 5 6 7 9 11 12 | 12.1
Spellcasting   | 3 4 5 6 7 8 9 |  9.1
Fighting       | 1 2 3 4 5 6 7 |  7.5
Conjurations   | 1 2 3 4 5 7 9 10 11 12 | 12.1
Transmutations | 2 4 |  4.4
Armour         | 2 |  2.7
Fire Magic     | 4 6 7 |  7.5
Translocations | 3 4 |  4.1
Ice Magic      | 3 4 |  4.7
Evocations     | 3 4 |  4.2
Dodging        | |  1.5
Stealth        | |  2.1

Action                   |  1- 3 |  4- 6 |  7- 9 | 10-12 | 13-15 || total
-------------------------+-------+-------+-------+-------+-------++-------
Melee: Dagger            |    79 |    35 |     2 |     4 |       ||   120
       Whip              |       |       |       |    17 |    20 ||    37
 Cast: Sandblast         |     6 |    72 |   115 |   175 |    23 ||   391
       Stone Arrow       |       |     3 |    75 |   166 |    63 ||   307
       Petrify           |       |       |     1 |    16 |     5 ||    22
       Lee's Rapid Decon |       |       |       |    17 |     4 ||    21
       Searing Ray       |       |       |       |    24 |    13 ||    37
       Blink             |       |       |       |     8 |    23 ||    31
       Fireball          |       |       |       |       |     2 ||     2
       Bolt of Magma     |       |       |       |       |     2 ||     2
       Frozen Ramparts   |       |       |       |       |     2 ||     2
Evoke: Wand              |       |       |       |       |    10 ||    10
  Use: Scroll            |       |     7 |     9 |    12 |    21 ||    49
       Potion            |       |       |       |     3 |     8 ||    11
 Stab: Sleeping          |     3 |       |       |       |       ||     3
       Petrified         |       |       |     1 |       |       ||     1
Armor: Robe              |    28 |    27 |    11 |       |       ||    66
       Leather armour    |       |       |    15 |   161 |    78 ||   254
       Skin              |       |       |       |       |    23 ||    23
Dodge: Dodged            |    56 |    42 |    42 |   162 |    65 ||   367
Block: Other             |       |       |       |    23 |    59 ||    82
       Reflection        |       |       |       |     2 |     8 ||    10

Table legend: (Time is in decaauts)
 A = Elapsed time spent in this place.
 B = Non-inter-level travel time spent in this place.
 C = Inter-level travel time spent in this place.
 D = Time resting spent in this place.
 E = Time spent auto-exploring this place.
 F = Levels seen in this place.
 G = Mean time per level.
                   A        B        C        D        E       F      G
               +--------+--------+--------+--------+--------+-----+--------+
         Total |  22777 |  21852 |    925 |   8461 |   9574 |  17 | 1339.8 |
       Dungeon |  22193 |  21283 |    910 |   8237 |   9430 |  15 | 1479.5 |
        Temple |    126 |    111 |     15 |      0 |     82 |   1 |  126.0 |
        Bailey |    457 |    457 |      0 |    224 |     62 |   1 |  457.0 |
               +--------+--------+--------+--------+--------+-----+--------+

Top non-repeatable levels by time:
    D:13: 2472 daAuts
    D:15: 2345 daAuts
     D:4: 2310 daAuts
     D:8: 2200 daAuts
     D:7: 1992 daAuts
     D:5: 1708 daAuts
     D:9: 1460 daAuts
    D:14: 1360 daAuts
    D:11: 1251 daAuts
    D:10: 1046 daAuts
     D:3: 909 daAuts
     D:6: 879 daAuts
     D:1: 805 daAuts
    D:12: 744 daAuts
     D:2: 707 daAuts
